TOP OF THE 1ST |
Damascus Red Hawks batting - Pitching for Manaus Firebirds : RHP Yefu Chilemba
|
Pitching: RHP Yefu Chilemba
|
|
Batting: LHB Giacomino Dotto
|
0-0: Ball 1-0: Called Strike 1-1: Ground out 6-3 (Groundball, 6, EV 100.6 MPH)
|
Batting: LHB Lucian Nemoianu
|
0-0: Ball 1-0: Called Strike 1-1: Ball 2-1: Fly out, F8 (Flyball, 8LM, EV 97.5 MPH)
|
Batting: RHB Scully Wheeldon
|
0-0: Fly out, F8 (Flyball, 78M, EV 85.6 MPH)
|
Top of the 1st over - 0 runs, 0 hits, 0 errors, 0 left on base; Damascus 0 - Manaus 0 |
BOTTOM OF THE 1ST |
Manaus Firebirds batting - Pitching for Damascus Red Hawks : RHP Willie Jimenez
|
Pitching: RHP Willie Jimenez
|
|
Batting: RHB Osano Sajjabi
|
0-0: Ball 1-0: Called Strike 1-1: Called Strike 1-2: Foul Ball, location: 5FF 1-2: Ball 2-2: SINGLE (Line Drive, 78S, EV 95.6 MPH)
|
Batting: RHB Danya Bessalov
|
0-0: Bunt - Flyout to 13S! F1
|
Batting: RHB Demesu Hekima
|
0-0: Ball Osano Sajjabi is caught stealing 2nd base 2-4 1-0: Called Strike 1-1: SINGLE (Groundball, 6MD, EV 105.6 MPH)
|
Batting: LHB Vindoo Vishnuraman
|
0-0: Called Strike 0-1: Ball 1-1: Ball 2-1: Ball 3-1: Base on Balls Demesu Hekima to second
|
Batting: SHB Balavarnin Subramani
|
0-0: Ball 1-0: SINGLE (Groundball, 34D, EV 97.5 MPH) Demesu Hekima to third Vindoo Vishnuraman to second
|
Batting: RHB Petrit Dibra
|
0-0: Called Strike 0-1: Fly out, F3 (Popup, 34S, EV 71.9 MPH)
|
Bottom of the 1st over - 0 runs, 3 hits, 0 errors, 3 left on base; Damascus 0 - Manaus 0 |
TOP OF THE 2ND |
Damascus Red Hawks batting - Pitching for Manaus Firebirds : RHP Yefu Chilemba
|
Batting: LHB Henri Bernard
|
0-0: Ball 1-0: Foul Ball, location: 2LF 1-1: Fly out, F2 (Popup, 25F, EV 93.8 MPH)
|
Batting: SHB Imad Maimun
|
0-0: Fly out, F7 (Flyball, 7D, EV 100.0 MPH)
|
Batting: RHB See-tong Yuen
|
0-0: Ball 1-0: Ball 2-0: Foul Ball, location: 2F 2-1: Ball 3-1: SINGLE (Groundball, 4D, EV 101.9 MPH)
|
Batting: RHB Vitenka Andiev
|
0-0: Called Strike 0-1: Foul Ball, location: 2F 0-2: Ball 1-2: Foul Ball, location: 3DF 1-2: Fielders Choice at 2nd, 6-4 (Groundball, 6, EV 83.8 MPH)
|
Top of the 2nd over - 0 runs, 1 hit, 0 errors, 1 left on base; Damascus 0 - Manaus 0 |
BOTTOM OF THE 2ND |
Manaus Firebirds batting - Pitching for Damascus Red Hawks : RHP Willie Jimenez
|
Batting: RHB Danny Zavala
|
0-0: SINGLE (Groundball, 34D, EV 103.1 MPH)
|
Batting: LHB Imran Rakin
|
0-0: Ball 1-0: Swinging Strike 1-1: Foul Ball, location: 2F 1-2: Ball 2-2: Strikes out swinging
|
Batting: RHB Xinpeng Eng
|
0-0: Called Strike 0-1: Ball 1-1: Fly out, F5 (Line Drive, 5, EV 68.1 MPH)
|
Batting: RHB Osano Sajjabi
|
0-0: Ball 1-0: Ball 2-0: Fly out, F9 (Line Drive, 9LM, EV 86.3 MPH)
|
Bottom of the 2nd over - 0 runs, 1 hit, 0 errors, 1 left on base; Damascus 0 - Manaus 0 |
TOP OF THE 3RD |
Damascus Red Hawks batting - Pitching for Manaus Firebirds : RHP Yefu Chilemba
|
Batting: RHB Jhong-shun Wang
|
0-0: Ball 1-0: Ball 2-0: Foul Ball, location: 2F 2-1: Ball 3-1: Foul Ball, location: 2F 3-2: Base on Balls
|
Batting: RHB Teo Nguyen-Tan
|
0-0: Called Strike Jhong-shun Wang steals 2nd base 0-1: Swinging Strike 0-2: SINGLE (Line Drive, 4D, EV 99.4 MPH) Jhong-shun Wang to third
|
Batting: LHB Giacomino Dotto
|
0-0: Ball 1-0: Ball 2-0: Swinging Strike 2-1: DOUBLE (Flyball, 89D, EV 110.0 MPH) Jhong-shun Wang scores Teo Nguyen-Tan to third
|
Batting: LHB Lucian Nemoianu
|
0-0: Foul Ball, location: 23F 0-1: Ball 1-1: Ball 2-1: Ball 3-1: Ground out 4-3 (Groundball, 4, EV 75.6 MPH)
|
Batting: RHB Scully Wheeldon
|
0-0: Ground out U3 (Groundball, 34S, EV 79.4 MPH) Teo Nguyen-Tan scores Giacomino Dotto to third
|
Batting: LHB Henri Bernard
|
0-0: Swinging Strike 0-1: Ground out U3 (Groundball, 34S, EV 80.6 MPH)
|
Top of the 3rd over - 2 runs, 2 hits, 0 errors, 1 left on base; Damascus 2 - Manaus 0 |
BOTTOM OF THE 3RD |
Manaus Firebirds batting - Pitching for Damascus Red Hawks : RHP Willie Jimenez
|
Batting: RHB Danya Bessalov
|
0-0: Ball 1-0: Called Strike 1-1: Ground out 5-3 (Groundball, 56, EV 108.1 MPH)
|
Batting: RHB Demesu Hekima
|
0-0: Swinging Strike 0-1: Called Strike 0-2: Ball 1-2: Strikes out swinging passed ball, reaches first!
|
Batting: LHB Vindoo Vishnuraman
|
0-0: Foul Ball, location: 7LSF 0-1: Ball 1-1: Ball 2-1: Swinging Strike 2-2: Fly out, F7 (Flyball, 7, EV 83.1 MPH)
|
Batting: SHB Balavarnin Subramani
|
0-0: Called Strike 0-1: Foul Ball, location: 7LSF 0-2: Fly out, F8 (Line Drive, 8LD, EV 88.1 MPH)
|
Bottom of the 3rd over - 0 runs, 0 hits, 0 errors, 1 left on base; Damascus 2 - Manaus 0 |
TOP OF THE 4TH |
Damascus Red Hawks batting - Pitching for Manaus Firebirds : RHP Yefu Chilemba
|
Batting: SHB Imad Maimun
|
0-0: Ground out U3 (Groundball, 34S, EV 81.3 MPH)
|
Batting: RHB See-tong Yuen
|
0-0: Called Strike 0-1: SINGLE (Groundball, 6M, EV 92.5 MPH)
|
Batting: RHB Vitenka Andiev
|
0-0: Ball 1-0: SINGLE (Line Drive, 89S, EV 98.8 MPH) See-tong Yuen to second
|
Batting: RHB Jhong-shun Wang
|
0-0: Ball 1-0: Foul Ball, location: 2F 1-1: Ball 2-1: Ball 3-1: SINGLE (Groundball, 6MD, EV 95.6 MPH) See-tong Yuen to third Vitenka Andiev to second
|
Batting: RHB Teo Nguyen-Tan
|
0-0: Ball 1-0: Called Strike 1-1: Fly out, F9 (Flyball, 9LSF, EV 90.0 MPH)
|
Batting: LHB Giacomino Dotto
|
0-0: Ball 1-0: Called Strike 1-1: Swinging Strike 1-2: Strikes out swinging
|
Top of the 4th over - 0 runs, 3 hits, 0 errors, 3 left on base; Damascus 2 - Manaus 0 |
BOTTOM OF THE 4TH |
Manaus Firebirds batting - Pitching for Damascus Red Hawks : RHP Willie Jimenez
|
Batting: RHB Petrit Dibra
|
0-0: Called Strike 0-1: Foul Ball, location: 9LDF 0-2: Foul Ball, location: 3FF 0-2: Ball 1-2: Ball 2-2: Fly out, F4 (Popup, 34, EV 62.5 MPH)
|
Batting: RHB Danny Zavala
|
0-0: Called Strike 0-1: Ball 1-1: Ball 2-1: SINGLE (Groundball, 6MD, EV 110.0 MPH)
|
Batting: LHB Imran Rakin
|
0-0: Ball 1-0: Ball 2-0: Called Strike 2-1: Foul Ball, location: 7LDF 2-2: Foul Ball, location: 7LSF 2-2: Fly out, F8 (Line Drive, 8RM, EV 92.5 MPH)
|
Batting: RHB Xinpeng Eng
|
0-0: SINGLE (Line Drive, 3D, EV 100.0 MPH) Danny Zavala to second
|
Batting: RHB Osano Sajjabi
|
0-0: Called Strike 0-1: Called Strike 0-2: Ball 1-2: Ball 2-2: Foul Ball, location: 2F 2-2: Strikes out swinging
|
Bottom of the 4th over - 0 runs, 2 hits, 0 errors, 2 left on base; Damascus 2 - Manaus 0 |
TOP OF THE 5TH |
Damascus Red Hawks batting - Pitching for Manaus Firebirds : RHP Yefu Chilemba
|
Batting: LHB Lucian Nemoianu
|
0-0: Ball 1-0: Called Strike 1-1: Ball 2-1: Ball 3-1: Base on Balls
|
Batting: RHB Scully Wheeldon
|
0-0: Ball 1-0: Foul Ball, location: 7LMF 1-1: Ball 2-1: Foul Ball, location: 2F 2-2: Grounds into double play, 4-6-3 (Groundball, 4, EV 85.0 MPH)
|
Batting: LHB Henri Bernard
|
0-0: Ball 1-0: Fly out, F8 (Flyball, 8RD, EV 81.9 MPH)
|
Top of the 5th over - 0 runs, 0 hits, 0 errors, 0 left on base; Damascus 2 - Manaus 0 |
BOTTOM OF THE 5TH |
Manaus Firebirds batting - Pitching for Damascus Red Hawks : RHP Willie Jimenez
|
Batting: RHB Danya Bessalov
|
0-0: Fly out, F8 (Line Drive, 8RM, EV 95.0 MPH)
|
Batting: RHB Demesu Hekima
|
0-0: Called Strike 0-1: Called Strike 0-2: Strikes out swinging
|
Batting: LHB Vindoo Vishnuraman
|
0-0: Ball 1-0: Called Strike 1-1: Ball 2-1: Foul Ball, location: 3FF 2-2: Foul Ball, location: 7LSF 2-2: Foul Ball, location: 2F 2-2: Ball 3-2: Base on Balls
|
Batting: SHB Balavarnin Subramani
|
0-0: Ball 1-0: Ball 2-0: Swinging Strike 2-1: Foul Ball, location: 25FF 2-2: Foul Ball, location: 3SF 2-2: Strikes out swinging
|
Bottom of the 5th over - 0 runs, 0 hits, 0 errors, 1 left on base; Damascus 2 - Manaus 0 |
TOP OF THE 6TH |
Damascus Red Hawks batting - Pitching for Manaus Firebirds : RHP Yefu Chilemba
|
Batting: SHB Imad Maimun
|
0-0: Ball 1-0: Foul Ball, location: 2F 1-1: Ball 2-1: Ball 3-1: SINGLE (Groundball, 6MD, EV 103.8 MPH)
|
Batting: RHB See-tong Yuen
|
0-0: Ball 1-0: Ball 2-0: Ball 3-0: Called Strike 3-1: DOUBLE (Flyball, 8LD, EV 101.9 MPH) Imad Maimun to third
|
Batting: RHB Vitenka Andiev
|
0-0: Ball 1-0: Called Strike 1-1: Foul Ball, location: 2F 1-2: Ball 2-2: DOUBLE (Flyball, 8RXD, EV 98.8 MPH) Imad Maimun scores See-tong Yuen scores
|
Batting: RHB Jhong-shun Wang
|
0-0: Ball 1-0: Ball 2-0: Ball 3-0: Base on Balls
|
Batting: RHB Teo Nguyen-Tan
|
0-0: Fielders Choice at 2nd, 3-6 (Groundball, 34S, EV 89.4 MPH) Vitenka Andiev to third
|
Batting: LHB Giacomino Dotto
|
0-0: SINGLE (Groundball, 6MD, EV 103.1 MPH) Vitenka Andiev scores Teo Nguyen-Tan to second
|
Pitching: RHP Adisvara Ramkumar
|
|
Batting: LHB Lucian Nemoianu
|
0-0: Fly out, F4 (Popup, 3D, EV 46.3 MPH)
|
Batting: RHB Scully Wheeldon
|
0-0: Ball 1-0: Ground out U3 (Groundball, 34, EV 83.8 MPH)
|
Top of the 6th over - 3 runs, 4 hits, 0 errors, 2 left on base; Damascus 5 - Manaus 0 |
BOTTOM OF THE 6TH |
Manaus Firebirds batting - Pitching for Damascus Red Hawks : RHP Willie Jimenez
|
Batting: RHB Petrit Dibra
|
0-0: SINGLE (Groundball, 4MD, EV 105.0 MPH)
|
Batting: RHB Danny Zavala
|
0-0: Foul Ball, location: 3F 0-1: Ball 1-1: Grounds into double play, 1-6-3 (Groundball, 34S, EV 69.4 MPH)
|
Batting: LHB Imran Rakin
|
0-0: Ball 1-0: Ball 2-0: Called Strike 2-1: Foul Ball, location: 7LMF 2-2: Foul Ball, location: 9LMF 2-2: Ball 3-2: Fly out, F6 (Popup, 6M, EV 58.1 MPH)
|
Bottom of the 6th over - 0 runs, 1 hit, 0 errors, 0 left on base; Damascus 5 - Manaus 0 |
TOP OF THE 7TH |
Damascus Red Hawks batting - Pitching for Manaus Firebirds : RHP Adisvara Ramkumar
|
Batting: LHB Henri Bernard
|
0-0: Called Strike 0-1: Foul Ball, location: 2F 0-2: Hit by Pitch
|
Batting: SHB Imad Maimun
|
0-0: Ground out 4-3 (Groundball, 4S, EV 70.6 MPH) Henri Bernard to second
|
Batting: RHB See-tong Yuen
|
0-0: Ball 1-0: Swinging Strike 1-1: Foul Ball, location: 2F 1-2: Ground out 3-1 (Groundball, 34S, EV 84.4 MPH) Henri Bernard to third
|
Batting: RHB Vitenka Andiev
|
0-0: Foul Ball, location: 3F 0-1: Ball Wild Pitch! Henri Bernard scores 1-1: Swinging Strike 1-2: Strikes out swinging
|
Top of the 7th over - 1 run, 0 hits, 0 errors, 0 left on base; Damascus 6 - Manaus 0 |
BOTTOM OF THE 7TH |
Manaus Firebirds batting - Pitching for Damascus Red Hawks : RHP Willie Jimenez
|
Pitching: RHP Leo Metzger
|
|
Batting: RHB Xinpeng Eng
|
0-0: Swinging Strike 0-1: Foul Ball, location: 3DF 0-2: Ground out U3 (Groundball, 34, EV 104.4 MPH)
|
Batting: RHB Osano Sajjabi
|
0-0: Foul Ball, location: 9LMF 0-1: Ground out 4-3 (Groundball, 34, EV 105.0 MPH)
|
Batting: RHB Danya Bessalov
|
0-0: Ball 1-0: Ball 2-0: Swinging Strike 2-1: SINGLE (Line Drive, 6D, EV 96.3 MPH)
|
Batting: RHB Demesu Hekima
|
0-0: Fly out, F7 (Flyball, 78M, EV 95.6 MPH)
|
Bottom of the 7th over - 0 runs, 1 hit, 0 errors, 1 left on base; Damascus 6 - Manaus 0 |
TOP OF THE 8TH |
Damascus Red Hawks batting - Pitching for Manaus Firebirds : RHP Adisvara Ramkumar
|
Batting: RHB Jhong-shun Wang
|
0-0: Ball 1-0: Ball 2-0: Called Strike 2-1: SINGLE (Line Drive, 6MD, EV 103.1 MPH)
|
Batting: RHB Teo Nguyen-Tan
|
0-0: Ball 1-0: Called Strike 1-1: Ball 2-1: Ball 3-1: Grounds into double play, 4-6-3 (Groundball, 4, EV 84.4 MPH)
|
Batting: LHB Giacomino Dotto
|
0-0: Ball 1-0: Ball 2-0: DOUBLE (Flyball, 78D, EV 94.4 MPH)
|
Batting: LHB Lucian Nemoianu
|
0-0: Foul Ball, location: 5FF 0-1: Called Strike 0-2: Strikes out swinging
|
Top of the 8th over - 0 runs, 2 hits, 0 errors, 1 left on base; Damascus 6 - Manaus 0 |
BOTTOM OF THE 8TH |
Manaus Firebirds batting - Pitching for Damascus Red Hawks : RHP Leo Metzger
|
Batting: LHB Vindoo Vishnuraman
|
0-0: Swinging Strike 0-1: Swinging Strike 0-2: Ball 1-2: Foul Ball, location: 7LMF 1-2: Strikes out swinging
|
Batting: SHB Balavarnin Subramani
|
0-0: Fly out, F9 (Flyball, 9S, EV 96.3 MPH)
|
Batting: RHB Petrit Dibra
|
0-0: Called Strike 0-1: Called Strike 0-2: Ball 1-2: Ball 2-2: Ground out 5-3 (Groundball, 56S, EV 76.9 MPH)
|
Bottom of the 8th over - 0 runs, 0 hits, 0 errors, 0 left on base; Damascus 6 - Manaus 0 |
TOP OF THE 9TH |
Damascus Red Hawks batting - Pitching for Manaus Firebirds : RHP Adisvara Ramkumar
|
Batting: RHB Scully Wheeldon
|
0-0: Ball 1-0: Foul Ball, location: 5DF 1-1: Ball 2-1: Foul Ball, location: 9LDF 2-2: Ball 3-2: Fly out, F8 (Line Drive, 8LM, EV 104.4 MPH)
|
Batting: LHB Henri Bernard
|
0-0: Ball 1-0: Foul Ball, location: 2F 1-1: Ball 2-1: Swinging Strike 2-2: Ball 3-2: Foul Ball, location: 25F 3-2: Fly out, F7 (Flyball, 7S, EV 89.4 MPH)
|
Batting: SHB Imad Maimun
|
0-0: Ball 1-0: Called Strike 1-1: Ball 2-1: Swinging Strike 2-2: Fly out, F7 (Flyball, 78S, EV 98.1 MPH)
|
Top of the 9th over - 0 runs, 0 hits, 0 errors, 0 left on base; Damascus 6 - Manaus 0 |
BOTTOM OF THE 9TH |
Manaus Firebirds batting - Pitching for Damascus Red Hawks : RHP Leo Metzger
|
Batting: RHB Danny Zavala
|
0-0: Swinging Strike 0-1: Ball 1-1: Swinging Strike 1-2: Strikes out swinging
|
Batting: LHB Imran Rakin
|
0-0: Ball 1-0: Ball 2-0: Foul Ball, location: 9LDF 2-1: Swinging Strike 2-2: Ground out 4-3 (Groundball, 4M, EV 86.3 MPH)
|
Batting: RHB Xinpeng Eng
|
0-0: Fly out, F6 (Popup, 6, EV 70.6 MPH)
|
Bottom of the 9th over - 0 runs, 0 hits, 0 errors, 0 left on base; Damascus 6 - Manaus 0 |
|